 Dungeon Crawl Stone Soup version 0.30-a0-824-g6c64550be9 (webtiles) character file.

Game seed: 1870644094224746983

854 bmack86 the Chopper (level 7, -2/61 HPs)
             Began as a Minotaur Fighter on Feb 28, 2023.
             Slain by Sigmund
             ... wielding a +0 scythe
              (7 damage)
             ... on level 5 of the Dungeon.
             The game lasted 00:08:02 (3399 turns).

bmack86 the Chopper (Minotaur Fighter)              Turns: 3399, Time: 00:08:03

Health: -2/61      AC: 11    Str: 22    XL:     7   Next: 70%
Magic:  6/6        EV:  7    Int:  8    God:
Gold:   225        SH:  5    Dex: 10    Spells: 6/6 levels left

rFire   . . .      SeeInvis .    l - +2 hand axe of Iconoclasm {flame, Int+3}
rCold   . . .      Faith    .    c - +0 buckler
rNeg    . . .      Spirit   .    o - +0 chain mail
rPois   +          Reflect  .    (helmet restricted)
rElec   .          Harm     .    i - +0 cloak
rCorr   .          Rampage  .    (no gloves)
Will    .....                    (no boots) Stlth
                                 (no amulet)
HPRegen 0.30/turn                j - ring of poison resistance
MPRegen 0.10/turn                (no ring)

@: mighty
A: horns 2, retaliatory headbutt
a: no special abilities


You were on level 5 of the Dungeon.
You visited 1 branch of the dungeon, and saw 5 of its levels.

You collected 225 gold pieces.

Inventory:

Hand Weapons
 a - a +0 war axe
 l - the +2 hand axe of Iconoclasm (weapon) {flame, Int+3}
   (You found it on level 4 of the Dungeon)

   Int:       It affects your intelligence (+3).
Missiles
 p - 7 poisoned darts (quivered)
Armour
 b - a +0 scale mail
 c - a +0 buckler (worn)
 g - a scarf of harm
 i - a +0 cloak (worn)
 o - a +0 chain mail (worn)
 y - a +0 pair of gloves
Jewellery
 j - a ring of poison resistance (left hand)
Wands
 s - a wand of roots (12)
 w - a wand of flame (12)
Scrolls
 f - 2 scrolls of noise
 u - a scroll of silence {unknown}
 v - a scroll of blinking {unknown}
 x - a scroll of identify
Potions
 e - 2 potions of attraction {unknown}
 h - a potion of mutation
 m - a potion of curing {unknown}
 n - 3 potions of brilliance {unknown}
 q - 2 potions of flight {unknown}
 r - a potion of lignification {unknown}
 t - a potion of degeneration {unknown}


   Skills:
 + Level 5.6 Fighting
 * Level 6.6 Axes
 + Level 2.7 Throwing
 + Level 5.7 Armour
 + Level 5.6 Shields


You had 6 spell levels left.
You didn't know any spells.
Your spell library contained the following spells:

 Spells                   Type           Power      Damage    Failure   Level
 Shock                    Conj/Air       0%         1d3       99%         1
 Swiftness                Air            0%         N/A       100%        3
 Airstrike                Air            0%         2d(0-16)  100%        4
 Borgnjor's Revivificati  Necr           0%         N/A       100%        8
 Necromutation            Tmut/Necr      0%         N/A       100%        8
 Death's Door             Necr           0%         N/A       100%        9


Dungeon Overview and Level Annotations

Branches:
Dungeon (5/15)
 Temple: D:4-7

Altars:
Ashenzari

Shops:
D:4 :

Annotations:
D:3 1 runed translucent door, Crazy Yiuf
D:5 Sigmund


Innate Abilities, Weirdness & Mutations

You have a pair of horns on your head.
You reflexively headbutt those who attack you in melee.


Message History

Dowan zaps a wand.
The roots erupt in riotous growth!
The grasping roots grab you!
Dowan is unaffected.
Duvessa is unaffected.
The grasping roots constrict you.
You hear a shout!
You barely miss Duvessa.
Duvessa is almost dead.
You slash Dowan! You burn Dowan. Duvessa hits you with a +0 short sword.
You block something's attack. Dowan barely misses you.
The grasping roots constrict you.
You hit Dowan. You burn Dowan.
You kill Dowan!
Duvessa weeps, and shakes her weapon.
Duvessa goes berserk!
You barely miss Duvessa. Duvessa hits you with a +0 short sword.
You completely miss Duvessa. Your headbutt misses Duvessa.
Duvessa is almost dead.
You block Duvessa's attack. Something hits you.
You barely miss Duvessa. Your headbutt misses Duvessa.
Duvessa is almost dead.
Duvessa hits you with a +0 short sword!
* * * LOW HITPOINT WARNING * * *
Duvessa hits you but does no damage. Something hits you but does no damage.
You hit Duvessa. You burn Duvessa.
You kill Duvessa!
A quokka comes into view.
You hear some strange, mumbled words.
Something tries to affect you, but you resist.
Things that are here:
a +0 short sword; a +0 ring mail; the elf corpse of Duvessa You hit something.
You burn something. Your headbutt misses something. Something hits you!
* * * LOW HITPOINT WARNING * * *
You miss something. Your headbutt misses something.
Something hits you but does no damage.
You miss something. You block the quokka's attack.
You closely miss something. You slash the quokka! You burn the quokka.
You kill the quokka!
Something hits you but does no damage. Something hits you!
You die...

##.#.##.#.# #.
.<##.##.#.# #.
#.##.##.#.# #.
#####.##.#....####
#.
.....##.........###.
#..##.#...........
#...........#.###>
#)###.#....##.# #.
#@# #.##.#.##.# #.
#)# #.##.#.#..# #.
#{# #.##....... ..
... ........... ..
##.###.......... ##
#.# ########. ...
... ...


There were no monsters in sight!

Vanquished Creatures
  Grinder (D:5)
  Duvessa (D:5)
  2 scorpions
  Dowan (D:5)
  A jelly (D:4)
  A hound (D:5)
  A gnoll bouda (D:4)
  Jessica (D:3)
  2 iguanas
  Robin (D:3)
  4 gnolls
  8 adders
  3 worms
  3 dart slugs
  4 orcs
  6 endoplasms
  2 giant cockroaches
  13 goblins
  7 hobgoblins
  2 jackals (D:2)
  6 kobolds
  3 quokkas
  6 ball pythons
  7 bats
  2 frilled lizards (D:1)
  6 rats
94 creatures vanquished.

Vanquished Creatures (others)
  2 demonic plants (D:2)
2 creatures vanquished.

Grand Total: 96 creatures vanquished

Notes
Turn   | Place    | Note
-------+----------+-------------------------------------------
     0 | D:1      | bmack86 the Minotaur Fighter began the quest for the Orb.
     0 | D:1      | Reached XP level 1. HP: 19/19 MP: 0/0
   194 | D:1      | Reached XP level 2. HP: 27/27 MP: 1/1
   291 | D:1      | Reached skill level 3 in Axes
   708 | D:1      | Reached XP level 3. HP: 33/33 MP: 2/2
   936 | D:2      | Found a faded altar of an unknown god.
  1180 | D:2      | Reached XP level 4. HP: 38/40 MP: 3/3
  1422 | D:2      | Reached skill level 4 in Axes
  1712 | D:3      | Noticed Robin
  1734 | D:3      | Killed Robin
  1774 | D:3      | Noticed Jessica
  1779 | D:3      | Killed Jessica
  1781 | D:3      | Reached XP level 5. HP: 47/47 MP: 4/4
  1924 | D:3      | Reached skill level 1 in Throwing
  2200 | D:3      | Found a runed translucent door.
  2201 | D:3      | Noticed Crazy Yiuf
  2243 | D:4      | Found a broken altar of Ashenzari.
  2294 | D:4      | Identified the +2 hand axe of Iconoclasm {flame, Int+3}
  2529 | D:4      | Reached skill level 5 in Axes
  2529 | D:4      | Reached XP level 6. HP: 53/53 MP: 5/5
  2944 | D:4      | Reached skill level 5 in Shields
  2987 | D:4      | Reached skill level 5 in Armour
  3044 | D:4      | Found Nown's Book Boutique.
  3134 | D:4      | Reached skill level 5 in Fighting
  3263 | D:5      | Entered Level 5 of the Dungeon
  3265 | D:5      | Noticed Grinder
  3274 | D:5      | Paralysed by Grinder for 5 turns
  3302 | D:5      | Paralysed by Grinder for 5 turns
  3308 | D:5      | Killed Grinder
  3309 | D:5      | Reached skill level 6 in Axes
  3309 | D:5      | Reached XP level 7. HP: 21/61 MP: 6/6
  3372 | D:5      | Noticed Dowan
  3373 | D:5      | Noticed Duvessa
  3375 | D:5      | Noticed Sigmund
  3390 | D:5      | Killed Dowan
  3393 | D:5      | Killed Duvessa
  3399 | D:5      | Slain by Sigmund

Illustrated notes

Levels and vault maps discovered:
D:1:      amcnicky_arrival_feature_with_door, layout_basic, minmay_tromino_i2
D:2:      layout_basic, shapermc_ecumenical_altar_gd, skrybe_limestone_x
D:3:      layout_rooms, uniq_jessica, uniq_robin, uniq_crazy_yiuf_cottage
D:4:      layout_basic, evilmike_ruin_ashenzari, serial_shops, shop,
          due_unseen_surprise
D:5:      layout_loops_ring, minmay_temple_entry_mini_moons,
          lightli_sewer_entry_pipes, uniq_sigmund, uniq_grinder, uniq_duvessa

Skill      XL: |  1  2  3  4  5  6 |
---------------+-------------------+-----
Axes           | 3 4 5 6 |  6.6
Fighting       | 4 5 |  5.6
Shields        | 4 5 |  5.6
Armour         | 4 5 |  5.7
Throwing       | 1 2 |  2.7

Action                     |  1- 3 |  4- 6 |  7- 9 || total
---------------------------+-------+-------+-------++-------
  Melee: War axe           |    73 |    58 |       ||   131
         Headbutt          |     8 |    25 |     1 ||    34
         Hand axe          |       |    55 |    22 ||    77
    Use: Scroll            |     2 |     3 |       ||     5
         Potion            |       |     1 |     2 ||     3
 Armour: Scale mail        |    32 |       |       ||    32
         Chain mail        |     4 |    73 |    10 ||    87
  Dodge: Dodged            |    37 |    50 |     1 ||    88
  Block: Buckler           |    17 |    31 |     5 ||    53

Table legend: (Time is in decaauts)
 A = Elapsed time spent in this place.
 B = Non-inter-level travel time spent in this place.
 C = Inter-level travel time spent in this place.
 D = Time resting spent in this place.
 E = Time spent auto-exploring this place.
 F = Levels seen in this place.
 G = Mean time per level.
                   A        B        C        D        E       F      G
               +--------+--------+--------+--------+--------+-----+--------+
         Total |   3448 |   3287 |    161 |      0 |   2189 |   5 |  689.6 |
       Dungeon |   3448 |   3287 |    161 |      0 |   2189 |   5 |  689.6 |
               +--------+--------+--------+--------+--------+-----+--------+

Top non-repeatable levels by time:
     D:4: 1038 daAuts
     D:1: 851 daAuts
     D:2: 836 daAuts
     D:3: 585 daAuts
     D:5: 136 daAuts
